 Dungeon Crawl Stone Soup version 0.20.1-1-g8b1a95d (webtiles) character file.

72 Peloso the Covered (level 4, -7/42 HPs)
             Began as a Deep Dwarf Fighter on Aug 5, 2017.
             Mangled by Peloso's ghost (11 damage)
             ... on level 3 of the Dungeon.
             The game lasted 00:03:26 (1671 turns).

Peloso the Covered (Deep Dwarf Fighter)             Turns: 1671, Time: 00:03:27

Health: -7/42      AC:  9    Str: 26    XL:     4   Next: 6%
Magic:  4/4        EV:  6    Int:  8    God:
Gold:   107        SH: 10    Dex: 12    Spells: 3/3 levels left

rFire    . . .     SeeInvis .   a - +0 long sword
rCold    . . .     Gourm    .   c - +0 shield
rNeg     . . .     Faith    .   b - +0 chain mail
rPois    .         Spirit   .   (no helmet)
rElec    .         Reflect  .   (no cloak)
rCorr    .         Harm     .   (no gloves)
MR       .....                  (no boots)
Stlth    ..........             i - amulet of magic regeneration
Regen    0.0/turn               (no ring)
MPRegen  0.2/turn               (no ring)

@: mighty, non-regenerating
A: damage resistance, heal wounds, sense surroundings 1, no regeneration
a: Heal Wounds


You were on level 3 of the Dungeon.
You were hungry.

You visited 1 branch of the dungeon, and saw 3 of its levels.

You collected 107 gold pieces.

Inventory:

Hand Weapons
 a - a +0 long sword (weapon)
Armour
 b - a +0 chain mail (worn)
 c - a +0 shield (worn)
Jewellery
 i - an amulet of magic regeneration (around neck)
Scrolls
 n - a scroll of fog {unknown}
 p - a scroll of remove curse {unknown}
 q - a scroll of teleportation {unknown}
 r - a scroll of enchant weapon {unknown}
Potions
 d - 2 potions of might
 e - a potion of mutation {unknown}
 h - a potion of haste {unknown}
 j - a potion of ambrosia {unknown}
 k - a potion of curing {unknown}
 m - 2 potions of lignification {unknown}
 o - a potion of degeneration {unknown}
Comestibles
 f - 4 bread rations
 g - a meat ration
 l - a fruit


   Skills:
 + Level 3.0 Fighting
 + Level 3.0 Long Blades
 + Level 4.1 Armour
 + Level 0.4 Dodging
 + Level 3.7 Shields


You had 3 spell levels left.
You didn't know any spells.

Dungeon Overview and Level Annotations

Branches:
Dungeon (3/15)

Altars:

Annotations:
D:3 Peloso's ghost, amateur DDFi


Innate Abilities, Weirdness & Mutations

You are resistant to damage.
You can heal yourself by infusing magical energy.
You passively map a small area around you.
You do not regenerate.


Message History

You block Peloso's ghost's attack.
You barely miss Peloso's ghost.
Peloso's ghost is lightly damaged.
Peloso's ghost barely misses you.
You riposte.
You barely miss Peloso's ghost.
Peloso's ghost is lightly damaged.
You hit Peloso's ghost.
Peloso's ghost is lightly damaged.
Peloso's ghost says, "You can hit me, but you can't hurt me."
Peloso's ghost hits you!
* * * LOW HITPOINT WARNING * * *
Your shield and chain mail prevent you from hitting Peloso's ghost.
Peloso's ghost is lightly damaged.
Peloso's ghost hits you.
* * * LOW HITPOINT WARNING * * *
Peloso's ghost barely misses you.
You riposte.
You hit Peloso's ghost.
Peloso's ghost is moderately damaged.
You barely miss Peloso's ghost.
Peloso's ghost is moderately damaged.
Peloso's ghost hits you!
You die...

* *, *#,* #.* *
#.# ,.. * #..# *
.... *
*####...####.....
,........@Ws.....,
..$......##..... ,
, .###..##(# ,...
, #.* #)# * ,. #,*
#.# , * #.# * ,,
,... * , ...## ,,
*#####*,,


You could see Peloso's ghost and a giant cockroach.

Vanquished Creatures
  2 adders (D:2)
  A worm (D:2)
  2 dart slugs
  4 leopard geckos
  A ball python (D:2)
  5 goblins
  4 hobgoblins
  5 bats
  4 frilled lizards (D:1)
  8 kobolds
  8 rats
44 creatures vanquished.

Notes
Turn   | Place    | Note
-------+----------+-------------------------------------------
     0 | D:1      | Peloso the Deep Dwarf Fighter began the quest for the Orb.
     0 | D:1      | Reached XP level 1. HP: 20/20 MP: 1/1
   119 | D:1      | Reached XP level 2. HP: 16/27 MP: 2/2
   838 | D:2      | Reached XP level 3. HP: 32/33 MP: 3/3
   955 | D:2      | Reached skill level 4 in Armour
  1508 | D:2      | Reached XP level 4. HP: 30/40 MP: 4/4
  1662 | D:3      | Noticed Peloso's ghost (amateur DDFi)
  1671 | D:3      | Mangled by Peloso's ghost

Skill      XL: |  1  2  3  4 |
---------------+-------------+-----
Armour         | 4 |  4.1
Long Blades    | 3 |  3.0
Fighting       | 3 |  3.0
Dodging        | |  0.4
Shields        | |  3.7

Action                   |  1- 3 |  4- 6 || total
-------------------------+-------+-------++-------
Melee: Long sword        |   140 |    11 ||   151
 Abil: Heal Wounds       |     1 |       ||     1
  Use: Scroll            |     2 |       ||     2
       Potion            |       |     1 ||     1
  Eat: Chunk             |     2 |       ||     2
Armor: Scale mail        |    62 |       ||    62
       Chain mail        |    26 |     1 ||    27
Dodge: Dodged            |    48 |     4 ||    52
Block: Shield            |    83 |     4 ||    87
       Rpst.: Long sword |    13 |     2 ||    15
